 Dungeon Crawl Stone Soup version 0.31-a0-1612-g4aaf141004 (webtiles) character file.

Game seed: 4177331164220739992

186 voltaire321 the Apothecary (level 5, -4/38 HPs)
             Began as a Merfolk Alchemist on Jan 9, 2024.
             Killed by nerve-wracking pain
             ... invoked by Menkaure
              (5 damage)
             ... on level 4 of the Dungeon.
             The game lasted 00:07:40 (2549 turns).

voltaire321 the Apothecary (Merfolk Alchemist)      Turns: 2549, Time: 00:07:41

Health: -4/38      AC:  7    Str: 11    XL:     5   Next: 66%
Magic:  7/9        EV: 11    Int: 14    God:
Gold:   149        SH:  0    Dex: 14    Spells: 8/9 levels left

rFire   . . .        w - +7 club
rCold   + . .        (no shield)
rNeg    . . .        x - +0 ring mail {rC+}
rPois   .            e - +0 helmet
rElec   .            (no cloak)
rCorr   .            p - +0 pair of gloves
SInv    .            (no boots)
Will    +....        (no amulet)
Stlth   +            s - ring of willpower
HPRegen 0.26/turn    (no ring)
MPRegen 0.11/turn

%: no passive effects
@: no status effects
A: (nimble swimmer 2), mertail
a: no special abilities


You were on level 4 of the Dungeon.
You visited 1 branch of the dungeon, and saw 4 of its levels.

You collected 237 gold pieces.
You spent 88 gold pieces at shops.

Inventory:

Hand Weapons
 b - a +4 dagger of draining
 w - a +7 club (weapon)
Armour
 e - a +0 helmet (worn)
 p - a +0 pair of gloves (worn)
 x - a +0 ring mail of cold resistance (worn)
Jewellery
 s - a ring of willpower (left hand)
Scrolls
 a - a scroll of vulnerability {unknown}
 f - a scroll of enchant weapon {unknown}
 h - 3 scrolls of identify {unknown}
 i - a scroll of amnesia {unknown}
 j - a scroll of noise {unknown}
 n - a scroll of fear {unknown}
 o - 2 scrolls of teleportation {unknown}
 u - a scroll of immolation {unknown}
 v - a scroll of blinking {unknown}
Potions
 c - 3 potions of curing
 d - 3 potions of haste {unknown}
 g - a potion of might {unknown}
 k - 2 potions of invisibility {unknown}
 l - a potion of enlightenment {unknown}
 m - a potion of magic
 q - 2 potions of heal wounds
 r - 2 potions of attraction {unknown}
 t - a potion of lignification {unknown}


   Skills:
 + Level 2.1 Fighting
 + Level 1.4 Armour
 + Level 3.7 Dodging
 - Level 2.1 Stealth
 + Level 2.9 Spellcasting
 + Level 1.7 Conjurations
 + Level 4.8 Alchemy


You had 8 spell levels left.
You knew the following spells:

 Your Spells              Type           Power      Damage    Failure   Level
a - Sting                 Conj/Alch      44%        1d5       13%         1

Your spell library contained the following spells:

 Spells                   Type           Power      Damage    Failure   Level
 Mercury Vapours          Alch/Air       16%        N/A       28%         2
 Mephitic Cloud           Conj/Alch/Air  8%         N/A       52%         3
 Olgreb's Toxic Radiance  Alch           15%        N/A       56%         4
 Sticky Flame             Fire/Alch      8%         2d4       88%         4


Dungeon Overview and Level Annotations

Branches:
Dungeon (4/15)
 Temple: D:4-7

Altars:
Kikubaaqudgha

Shops:
D:3 :!

Annotations:
D:4 Ijyb, Menkaure


Innate Abilities, Weirdness & Mutations

((You are very nimble when in or above water. (Stealth+, EV+, Speed+++)))
Your lower body shifts to a powerful aquatic tail in water.


Message History

Press: ? - help, Q - select action Shift-Dir - straight line, f - you
Okay, then.
Aiming: Sting (safe; 13% risk of failure)
Press: ? - help, Q - select action Shift-Dir - straight line, f - Menkaure
Aim: Menkaure (86% to hit)
The sting hits Menkaure.
Menkaure is lightly damaged.
Aiming: Sting (safe; 13% risk of failure)
Press: ? - help, Q - select action Shift-Dir - straight line, f/p - Menkaure
Aim: Menkaure (lightly damaged, 86% to hit)
The sting hits Menkaure.
Menkaure is lightly damaged.
Menkaure mumbles some strange words.
Menkaure seems to speed up.
Aiming: Sting (safe; 13% risk of failure)
Press: ? - help, Q - select action Shift-Dir - straight line, f/p - Menkaure
Aim: Menkaure (lightly damaged, fast, 86% to hit)
The sting hits Menkaure but does no damage.
Menkaure is lightly damaged.
Menkaure casts a spell at you. You resist with some effort. Menkaure hits you!
* * * LOW HITPOINT WARNING * * *
You barely miss Menkaure.
Menkaure is lightly damaged.
Menkaure barely misses you. Menkaure hits you.
* * * LOW HITPOINT WARNING * * *
You completely miss Menkaure.
Menkaure is lightly damaged.
Menkaure gestures at you while chanting.
Pain shoots through your body!
* * * LOW HITPOINT WARNING * * *
You hit Menkaure but do no damage.
Menkaure is lightly damaged.
Menkaure barely misses you. Menkaure completely misses you.
You hit Menkaure.
Menkaure is lightly damaged.
Menkaure casts a spell at you. Pain shoots through your body!
You die...

#.g.# ...#..... #...#
...#..... #....##
...#..^... ##......#
..##.....$ ##.......#
..# ...... #........#
.## ...# ##........# .##
#..M......# ..##
##..@......# ...####
#.........##
.##...########........#
######...........>......
#.....................
#......).######...####
##........## #..#
#.........## ###
#..........##


You could see Menkaure (fast).

Vanquished Creatures
  A bombardier beetle (D:3)
  Jessica (D:3)
  4 gnolls
  2 adders (D:3)
  A dart slug (D:2)
  3 orcs (D:3)
  4 bats
  4 endoplasms
  2 giant cockroaches
  9 goblins
  5 hobgoblins
  4 jackals (D:1)
  5 kobolds
  A quokka (D:3)
  6 ball pythons
  4 frilled lizards
  4 rats
60 creatures vanquished.

Notes
Turn   | Place    | Note
-------+----------+-------------------------------------------
     0 | D:1      | voltaire321 the Merfolk Alchemist began the quest for the
                  | Orb.
     0 | D:1      | Reached XP level 1. HP: 13/13 MP: 3/3
   245 | D:1      | Reached XP level 2. HP: 20/20 MP: 0/5
   263 | D:1      | Reached skill level 1 in Conjurations
   416 | D:1      | Reached XP level 3. HP: 25/25 MP: 1/6
   516 | D:1      | Reached skill level 1 in Fighting
  1213 | D:2      | Noticed a phantom
  1570 | D:3      | Found Cecoit's Distillery.
  1592 | D:3      | Reached XP level 4. HP: 12/32 MP: 0/7
  1679 | D:3      | Reached skill level 1 in Armour
  1772 | D:3      | Found an ancient bone altar of Kikubaaqudgha.
  1792 | D:3      | Noticed Jessica
  1803 | D:3      | Killed Jessica
  1866 | D:3      | Bought a potion of curing for 33 gold pieces
  1866 | D:3      | Bought a potion of heal wounds for 55 gold pieces
  1952 | D:3      | Found Juhoneca's Book Shoppe.
  1966 | D:3      | Reached XP level 5. HP: 32/38 MP: 7/9
  2331 | D:4      | Noticed Ijyb
  2519 | D:4      | Noticed Menkaure
  2547 | D:4      | HP: 1/38 [Menkaure/nerve-wracking pain (5)]
  2549 | D:4      | Killed from afar by Menkaure

Illustrated notes

Levels and vault maps discovered:
D:1:      lemuel_arrival_lava_pool, layout_rooms, minmay_ruptured
D:2:      layout_loops_ring, roderic_filled_cross, st_stairs_9
D:3:      layout_rooms, mainiacjoe_overflow_small_starburst, serial_shops,
          nicolae_diamond_shop, shop, uniq_jessica
D:4:      kennysheep_the_goblin_king, layout_cave_pods, uniq_grinder,
          uniq_menkaure, uniq_duvessa

Skill      XL: |  1  2  3  4  5 |
---------------+----------------+-----
Conjurations   | 1 |  1.7
Dodging        | 3 |  3.7
Fighting       | 1 2 |  2.1
Armour         | 1 |  1.4
Stealth        | |  2.1
Spellcasting   | |  2.9
Alchemy        | |  4.8

Action                     |  1- 3 |  4- 6 || total
---------------------------+-------+-------++-------
  Melee: Unarmed           |    11 |       ||    11
         Dagger            |    13 |    12 ||    25
         Club              |       |    15 ||    15
   Cast: Sting             |    53 |    30 ||    83
    Use: Potion            |     1 |       ||     1
 Armour: Robe              |    11 |     6 ||    17
         Ring mail         |       |    12 ||    12
  Dodge: Dodged            |    37 |    16 ||    53

Table legend: (Time is in decaauts)
 A = Elapsed time spent in this place.
 B = Non-inter-level travel time spent in this place.
 C = Inter-level travel time spent in this place.
 D = Time resting spent in this place.
 E = Time spent auto-exploring this place.
 F = Levels seen in this place.
 G = Mean time per level.
                   A        B        C        D        E       F      G
               +--------+--------+--------+--------+--------+-----+--------+
         Total |   2552 |   2457 |     95 |    497 |   1284 |   4 |  638.0 |
       Dungeon |   2552 |   2457 |     95 |    497 |   1284 |   4 |  638.0 |
               +--------+--------+--------+--------+--------+-----+--------+

Top non-repeatable levels by time:
     D:2: 861 daAuts
     D:3: 765 daAuts
     D:1: 740 daAuts
     D:4: 184 daAuts
